AoeStats
← willrhyd

Arena

509656942Analyzed
4v4 RM · 5d ago on Sep 27, 2026· 40m 8s· 8 players
Game mode
Random Map
Map size
Large (8 player)
Population
200
Speed
Normal
Resources
Standard
Victory
Conquest
Starting age
Dark Age
Ending age
Imperial Age
RankedLock teamsTeams togetherTeam positionsShared explorationLock speedFull tech treeHidden civsTurbo modeCheats
Victory
Defeat
🇧🇷 Varangians · Brazil
1498
+12
1459
+14
🇧🇷 Franks · Brazil
1431
+15
🇬🇧 Bohemians · United Kingdom
1394
+17
🇲🇽 Bengalis · Mexico
1507
-18
🇨🇳 Wei · China
1391
-14
🇺🇸 Mongols · United States
1373
-13
🇪🇸 Burmese · Spain
1372
-13
Julio2
10:51 Feudal Age
14:36 Castle Age
13:17 Double-Bit Axe
15:36 Bow Saw
19:30 Wheelbarrow
22:10 Loom
22:36 Gold Mining
24:41 Hand Cart
26:14 Gold Shaft Mining
29:01 Imperial Age
27:39 Scale Barding Armor
27:45 Forging
27:24 Town Watch
29:21 Chain Barding Armor
29:09 Cavalier
30:47 Plate Barding Armor
30:48 Iron Casting
31:10 Conscription
30:34 Paladin
33:52 Blast Furnace
33:26 Fletching
37:31 Scale Mail Armor
37:27 Bodkin Arrow
37:19 Gambesons
37:35 Squires
37:20 Arson
41:07 Chemistry
40:28 Ballistics
40:13 Siege Engineers
Yucatan_water_supremacy
10:56 Feudal Age
11:21 Loom
12:31 Double-Bit Axe
14:52 Castle Age
13:33 Stone Mining
15:52 Town Watch
16:15 Fletching
16:28 Horse Collar
26:15 Imperial Age
30:47 Chemistry
32:01 Bodkin Arrow
34:42 Fortified Wall
35:20 Wheelbarrow
36:39 Bracer
36:39 Padded Archer Armor
37:02 Ballistics
38:14 Leather Archer Armor
38:11 Elite Skirmisher
SeiyaPegasus
10:17 Feudal Age
14:13 Castle Age
12:09 Double-Bit Axe
12:06 Horse Collar
15:21 Bow Saw
15:34 Heavy Plow
17:42 Loom
22:08 Wheelbarrow
23:37 Gold Mining
23:38 Stone Mining
26:44 Hand Cart
26:16 Town Watch
26:39 Scale Barding Armor
29:25 Imperial Age
27:22 Forging
28:08 Stone Shaft Mining
28:36 Chain Barding Armor
28:52 Iron Casting
29:31 Elite Jarl
30:32 Conscription
30:46 Bloodlines
30:36 Husbandry
30:51 Caravan
32:03 Plate Barding Armor
32:29 Two-Man Saw
32:00 Crop Rotation
33:30 Blast Furnace
32:48 Fletching
34:47 Ballistics
35:28 Chemistry
34:24 Murder Holes
34:40 Masonry
35:39 Guilds
35:31 Bodkin Arrow
36:17 Siege Engineers
36:17 Bracer
37:47 Town Patrol
willrhyd
8:42 Feudal Age
9:24 Double-Bit Axe
9:21 Horse Collar
14:25 Loom
14:37 Loom
16:56 Castle Age
18:22 Heavy Plow
18:33 Bow Saw
19:17 Sanctity
18:45 Loom
20:38 Chemistry
20:10 Fervor
23:19 Wheelbarrow
29:06 Imperial Age
28:17 Padded Archer Armor
29:37 Leather Archer Armor
30:31 Block Printing
30:59 Siege Engineers
31:29 Houfnice
32:55 Pikeman
33:36 Squires
33:51 Scale Mail Armor
34:01 Forging
33:35 Halberdier
35:29 Chain Mail Armor
36:06 Wagenburg Tactics
36:22 Conscription
37:04 Plate Mail Armor
37:09 Iron Casting
That1AsianGuy
10:35 Feudal Age
10:03 Loom
12:51 Double-Bit Axe
15:22 Castle Age
14:52 Stone Mining
15:55 Horse Collar
16:56 Bow Saw
18:36 Horse Collar
20:26 Fletching
23:09 Bodkin Arrow
25:29 Padded Archer Armor
27:46 Gold Mining
28:54 Wheelbarrow
28:43 Leather Archer Armor
30:17 Bloodlines
30:15 Husbandry
31:24 Heavy Plow
35:04 Imperial Age
34:50 Ballistics
34:49 Hand Cart
34:20 Town Watch
35:12 Light Cavalry
35:59 Scale Barding Armor
36:59 Chain Barding Armor
36:58 Hussar
38:13 Forging
dani_r_n
11:13 Feudal Age
14:59 Castle Age
12:44 Horse Collar
15:51 Heavy Plow
17:40 Loom
17:41 Town Watch
18:41 Wheelbarrow
22:12 Fervor
23:36 Gold Mining
23:36 Stone Mining
25:00 Hand Cart
26:16 Gold Shaft Mining
29:34 Imperial Age
27:14 Husbandry
27:16 Padded Archer Armor
27:08 Fletching
28:08 Bloodlines
28:31 Bodkin Arrow
28:50 Masonry
29:49 Ballistics
30:52 Parthian Tactics
30:52 Conscription
30:21 Elite Arambai
31:34 Howdah
31:44 Manipur Cavalry
33:09 Chemistry
32:40 Architecture
32:16 Siege Engineers
32:43 Crop Rotation
32:17 Town Patrol
34:42 Scale Barding Armor
34:48 Forging
34:38 Bracer
36:21 Coinage
36:28 Chain Barding Armor
35:30 Light Cavalry
35:36 Elite Battle Elephant
38:25 Iron Casting
39:08 Howdah
40:10 Blast Furnace
39:46 Plate Barding Armor
Yun
10:27 Feudal Age
14:08 Castle Age
12:22 Double-Bit Axe
12:27 Horse Collar
15:13 Bow Saw
17:29 Loom
20:59 Wheelbarrow
26:01 Imperial Age
23:37 Town Watch
24:20 Heavy Plow
24:14 Gold Mining
24:40 Fletching
26:00 Hand Cart
26:29 Bodkin Arrow
29:00 Conscription
29:26 Ballistics
30:07 Chemistry
29:42 Crop Rotation
30:11 Bracer
31:56 Padded Archer Armor
32:35 Elite Elephant Archer
33:54 Masonry
34:57 Leather Archer Armor
34:56 Bloodlines
34:46 Husbandry
34:09 Light Cavalry
37:00 Ring Archer Armor
36:39 Scale Barding Armor
36:44 Forging
40:41 Chain Barding Armor
40:57 Iron Casting
40:39 Guilds
很蓝的啦
10:37 Feudal Age
11:44 Double-Bit Axe
14:30 Castle Age
12:28 Horse Collar
13:05 Gold Mining
15:55 Bow Saw
15:50 Stone Mining
17:21 Loom
25:16 Stone Shaft Mining
26:04 Gold Shaft Mining
26:33 Forging
26:28 Scale Barding Armor
27:57 Wheelbarrow
27:07 Town Watch
27:06 Treadmill Crane
27:46 Ballistics
27:36 Masonry
31:14 Imperial Age
29:00 Hand Cart
28:45 Town Patrol
29:06 Scale Barding Armor
29:36 Iron Casting
29:02 Scale Mail Armor
29:57 Iron Casting
29:43 Heavy Plow
29:08 Pikeman
29:48 Squires
29:34 Arson
31:03 Chain Mail Armor
31:09 Chain Barding Armor
31:18 Bloodlines
31:08 Husbandry
31:19 Tuntian
32:28 Conscription
31:41 Halberdier
33:35 Capped Ram
34:38 Light Cavalry
35:02 Elite Tiger Cavalry
35:40 Elite Tiger Cavalry
38:05 Ming Guang Armor
37:49 Fletching
37:59 Padded Archer Armor
38:07 Town Patrol
39:16 Blast Furnace
38:25 Thumb Ring
38:45 Parthian Tactics
39:34 Bodkin Arrow
39:54 Leather Archer Armor
Connection lost

Rejoining the realm…

Still unreachable

The connection could not be restored.

Session expired

The server has moved on; the page needs a fresh start.